 Dungeon Crawl Stone Soup version 0.27-a0-65-gfb268537a3 (webtiles) character file.

Game seed: 12630057993678319915

51 wythoutpain the Digger (level 3, -1/19 HPs)
             Began as a Gargoyle Earth Elementalist on Jan 7, 2021.
             Slain by Sigmund
             ... wielding a +0 scythe
              (6 damage)
             ... on level 2 of the Dungeon on Jan 9, 2021.
             The game lasted 00:13:07 (1508 turns).

wythoutpain the Digger (GrEE)                       Turns: 1508, Time: 00:13:07

Health: -1/19      AC:  6    Str: 11    XL:     3   Next: 83%
Magic:  0/6        EV: 12    Int: 16    God:
Gold:   91         SH:  0    Dex: 10    Spells: 0/6 levels left

rFire    . . .     SeeInvis .   e - +0 mace
rCold    . . .     Faith    .   (no shield)
rNeg     + . .     Spirit   .   c - +0 robe
rPois    ∞         Reflect  .   (no helmet)
rElec    +         Harm     .   (no cloak)
rCorr    .         Rampage  .   (no gloves)
Will     .....                  g - +0 pair of boots
Stlth    +.........             (no amulet)
HPRegen  0.06/turn              i - ring of wizardry
MPRegen  0.10/turn              (no ring)

@: confused
A: negative energy resistance 1, electricity resistance, unbreathing,
petrification resistance, miasma immunity, AC +3
a: no special abilities


You were on level 2 of the Dungeon.
You visited 1 branch of the dungeon, and saw 2 of its levels.

You collected 91 gold pieces.

Inventory:

Hand Weapons
 e - a +0 mace (weapon)
Missiles
 b - 3 stones
Armour
 c - a +0 robe (worn)
 g - a +0 pair of boots (worn)
Jewellery
 i - a ring of wizardry (left hand)
Scrolls
 a - a scroll of magic mapping
Potions
 f - a potion of flight {unknown}
 h - a potion of mutation {unknown}
 k - a potion of brilliance {unknown}


   Skills:
 + Level 0.3 Maces & Flails
 + Level 2.0 Dodging
 + Level 3.2 Stealth
 + Level 0.8 Unarmed Combat
 + Level 2.3 Spellcasting
 + Level 0.7 Transmutations
 + Level 4.0 Earth Magic


You couldn't memorise any spells.
You knew the following spells:

 Your Spells              Type           Power        Failure   Level
a - Sandblast             Erth           28%          1%          1
b - Passwall              Tmut/Erth      7%           4%          2
c - Stone Arrow           Conj/Erth      16%          11%         3

Your spell library contained the following spells:

 Spells                   Type           Power        Failure   Level
 Petrify                  Tmut/Erth      9%           28%         4
 Lee's Rapid Deconstruct  Erth           7%           38%         5


Dungeon Overview and Level Annotations

Branches:
Dungeon (2/15)

Altars:
Okawaru

Annotations:
D:2 Sigmund


Innate Abilities, Weirdness & Mutations

You are resistant to torment.
Your stone body is resilient. (AC +3)
You are immune to poison.
You resist negative energy. (rN+)
You are resistant to electric shocks. (rElec)
You can survive without breathing.
You are immune to petrification.
You are immune to miasma.


Message History

Sigmund is severely wounded.
Sigmund points at you and mumbles some strange words.
The puff of flame hits you but does no damage.
You see here a dagger.
Sigmund whispers, "You'll know eternity soon."
Sigmund gestures at himself while chanting.
Sigmund flickers and vanishes!
Deactivating autopickup; reactivate with Ctrl-A.
Aiming: Sandblast (safe; 1% risk of failure)
Press: ? - help, Q - select action, (/) - cycle Shift-Dir - straight line, f - orc
Aim: an orc, wielding a +0 whip (21% to evade)
The blast of sand hits the orc!
You kill the orc!
A magic dart appears from out of thin air!
The magic dart hits you.
* * * LOW HITPOINT WARNING * * *
You hear some strange, mumbled words.
You are confused.
Something hits you.
You die...

#...### #.# ......## #.# .......#
#.# #...#### #.# # #########
######.#####..
........######++####......##.....
..................).......#..†...
........#######...##....)........
........# #)@.####.####..)!..
........# #...# #.# #......
........# #...# #.# #......
........# #...# #.# #......
######### #..<+ ..# ##..... #...#
### #..... #...# ..... #...#
#####


There were no monsters in sight!

Vanquished Creatures
  2 adders (D:2)
  3 dart slugs
  An orc (D:2)
  2 giant cockroaches (D:1)
  2 goblins (D:1)
  4 hobgoblins
  4 jackals (D:1)
  3 bats
  2 frilled lizards
  2 kobolds
  2 rats (D:1)
27 creatures vanquished.

Notes
Turn   | Place    | Note
-------+----------+-------------------------------------------
     0 | D:1      | wythoutpain the Gargoyle Earth Elementalist began the quest
                  | for the Orb.
     0 | D:1      | Reached XP level 1. HP: 10/10 MP: 3/3
   172 | D:1      | Found an iron altar of Okawaru.
   359 | D:1      | Reached XP level 2. HP: 15/15 MP: 1/5
   379 | D:1      | Learned a level 2 spell: Passwall
   926 | D:1      | Reached XP level 3. HP: 16/19 MP: 6/6
  1188 | D:1      | Upgraded the game from 0.27-a0-54-g64bdb92e38 to
                  | 0.27-a0-65-gfb268537a3
  1387 | D:2      | Reached skill level 4 in Earth Magic
  1474 | D:2      | Noticed Sigmund
  1480 | D:2      | Learned a level 3 spell: Stone Arrow
  1508 | D:2      | Slain by Sigmund

Illustrated notes

Levels and vault maps discovered:
D:1:      amcnicky_arrival_flooded_fountain, layout_loops_ring, hex_medium,
          okawaru_ov_weapons_minmay
D:2:      kennysheep_big_flooded_room, layout_basic, grunt_dithmenos_smoke,
          minmay_pentomino_t4, uniq_sigmund

Skill      XL: |  1  2  3 |
---------------+----------+-----
Stealth        | 3 |  3.2
Dodging        | 2 |  2.0
Earth Magic    | 4 |  4.0
Maces & Flails | |  0.3
Unarmed Combat | |  0.8
Spellcasting   | |  2.3
Transmutations | |  0.7

Action                   || total
-------------------------++-------
Melee: Unarmed           ||     9
       Mace              ||    49
Throw: Stone             ||     1
 Cast: Sandblast         ||    27
  Use: Scroll            ||     3
 Stab: Sleeping          ||     4
Armor: Robe              ||    22
Dodge: Dodged            ||    39

Table legend: (Time is in decaauts)
 A = Elapsed time spent in this place.
 B = Non-inter-level travel time spent in this place.
 C = Inter-level travel time spent in this place.
 D = Time resting spent in this place.
 E = Time spent auto-exploring this place.
 F = Levels seen in this place.
 G = Mean time per level.
                   A        B        C        D        E       F      G
               +--------+--------+--------+--------+--------+-----+--------+
         Total |   1526 |   1492 |     34 |      0 |   1258 |   2 |  763.0 |
       Dungeon |   1526 |   1492 |     34 |      0 |   1258 |   2 |  763.0 |
               +--------+--------+--------+--------+--------+-----+--------+

Top non-repeatable levels by time:
     D:1: 1233 daAuts
     D:2: 293 daAuts
